 Dungeon Crawl Stone Soup version 0.31.0-9-g3a7656b989 (webtiles) character file.

Game seed: 8138141360117351593

1822 qw the Skirmisher (level 8, 0/40 HPs)
             Began as a Spriggan Hunter on Feb 2, 2024.
             Was a Follower of Okawaru.
             Slain by a kobold
             ... wielding a +0 short sword
              (3 damage)
             ... on level 7 of the Dungeon.
             The game lasted 00:00:26 (5314 turns).

qw the Skirmisher (Spriggan Hunter)                 Turns: 5314, Time: 00:00:26

Health: 0/40       AC:  6    Str:  7    XL:     8   Next: 85%
Magic:  10/11      EV: 24    Int: 10    God:    Okawaru [*.....]
Gold:   254        SH:  0    Dex: 21    Spells: 7/7 levels left

rFire   . . .        a - +2 shortbow
rCold   . . .        (shield currently unavailable)
rNeg    . . .        c - +0 robe
rPois   .            (helmet restricted)
rElec   .            (no cloak)
rCorr   .            (gloves unavailable)
SInv    +            (boots unavailable)
Will    ++...        (no amulet)
Stlth   ++           g - ring of willpower
HPRegen 0.26/turn    d - +4 ring of protection
MPRegen 0.12/turn

%: no passive effects
@: very quick
A: very small, no large weapons, unfitting armour, see invisible, speed 3
a: Renounce Religion, Heroism


You were on level 7 of the Dungeon.
You worshipped Okawaru.
Okawaru was aware of your devotion.
You visited 2 branches of the dungeon, and saw 8 of its levels.
You also visited: Sewer.

You collected 278 gold pieces.
You spent 24 gold pieces at shops.


Innate Abilities, Weirdness & Mutations

You are very small and have problems with some larger weapons.
You are too small for most types of armour.
You have supernaturally acute eyesight. (SInv)
You cover ground extremely quickly. (Speed+++)


   Skills:
 - Level 3.0 Fighting
 + Level 9.3 Ranged Weapons
 - Level 9.0 Dodging
 - Level 1.5 Stealth
 + Level 2.7 Invocations


You had 7 spell levels left.
You didn't know any spells.
Your spell library was empty.

Inventory:

Hand Weapons
 a - a +2 shortbow (weapon)
Armour
 c - a +0 robe (worn)
Jewellery
 d - a +4 ring of protection (right hand)
 g - a ring of willpower (left hand)
Wands
 b - a wand of polymorph (5)
 k - a wand of roots (7)
Potions
 e - a potion of cancellation
 f - a potion of enlightenment
 h - 4 potions of curing
 j - a potion of haste
 l - a potion of magic {unknown}

Dungeon Overview and Level Annotations

Branches:
Dungeon (7/15)             Temple (1/1) D:6           Sewer (visited)

Altars:
Cheibriados
Dithmenos
Elyvilon
Fedhas
Hepliaklqana
Kikubaaqudgha
Makhleb
Nemelex Xobeh
Okawaru
Qazlal
Ru
Sif Muna
Trog
Uskayaw
Xom
Yredelemnul
Zin
The Shining One

Shops:
D:2 *

Annotations:
D:5 3 runed translucent doors, qw's ghost, novice DjHu


Message History

The scorpion is almost dead.
The scorpion stings you.
You shoot an arrow. The arrow hits the scorpion.
You kill the scorpion!
Okawaru accepts your kill.
Your Invocations skill increases to level 2!
You shoot an arrow. The arrow hits the water moccasin!
The water moccasin is moderately wounded.
You hear a shout!
The water moccasin closely misses you.
A kobold comes into view. It is wielding a +0 dagger.
A kobold comes into view. It is wielding a +0 short sword.
The water moccasin closely misses you.
You shoot an arrow. The arrow hits the water moccasin!
The water moccasin is severely wounded.
The kobold brigand hits you with a +0 club.
The water moccasin completely misses you.
You shoot an arrow. The arrow hits the water moccasin!
The water moccasin is almost dead.
The kobold brigand barely misses you. The water moccasin bites you.
You shoot an arrow.
The arrow closely misses the water moccasin.
The arrow hits the orc wizard.
The orc wizard is almost dead.
The water moccasin closely misses you.
The kobold brigand completely misses you.
You shoot an arrow. The arrow hits the water moccasin!
You kill the water moccasin!
Okawaru accepts your kill. The orc wizard casts a spell at you.
The magic dart hits you!
The kobold brigand completely misses you.
The kobold closely misses you.
You shoot an arrow.
The arrow barely misses the kobold brigand.
The kobold brigand completely misses you.
The kobold misses you.
A white imp comes into view.
The kobold hits you with a +0 short sword.
You die...

##.... ##.
..... ...
....###.#
#....#y#
####+#....#.#
......h#.oh5#
#....#<.o.#
#...K##o#o##
#...K@Ko#..####
#...#####.....#
..'.. #zz#..#
..#. #.)...# .
# ##...o..#
+.....o#
#......#
#..>..o..
......#..


You could see a kobold brigand, a howler monkey, 2 orc wizards, a white imp, an
orc and 2 kobolds.

Vanquished Creatures
  Menkaure (D:5)
  A water moccasin (D:7)
  An ice beast (D:6)
  A centaur (D:5)
  A kobold brigand (D:6)
  2 brain worms (Sewer)
  2 bullfrogs
  2 scorpions
  2 wights (D:7)
  3 killer bees (D:7)
  A howler monkey (D:5)
  A bombardier beetle (D:4)
  2 hounds
  A jelly (D:4)
  7 iguanas
  Terence (D:2)
  An orc wizard (D:3)
  Robin (D:4)
  11 adders
  3 gnolls (D:6)
  A river rat (Sewer)
  2 white imps
  4 ufetubi (D:6)
  A dart slug (D:2)
  3 ribbon worms
  10 orcs
  5 bats
  8 endoplasms
  2 giant cockroaches
  13 goblins
  11 hobgoblins
  2 jackals (D:2)
  3 quokkas
  14 ball pythons
  9 frilled lizards
  14 kobolds
  14 rats
161 creatures vanquished.

Vanquished Creatures (others)
  A killer bee (D:7)
1 creature vanquished.

Grand Total: 162 creatures vanquished

Notes
Turn   | Place    | Note
-------+----------+-------------------------------------------
     0 | D:1      | qw the Spriggan Hunter began the quest for the Orb.
     0 | D:1      | Reached XP level 1. HP: 10/10 MP: 2/2
     0 | D:1      | 0 ||| qw: Version: 0.3-a-155-g5e7d8dd
     0 | D:1      | 0 ||| qw: Game counter: 1054
     0 | D:1      | 0 ||| qw: Melee chars always use a shield: true
     0 | D:1      | 0 ||| qw: God list: Okawaru
     0 | D:1      | 0 ||| qw: Allow faded altars: false
     0 | D:1      | 0 ||| qw: Do Orc after clearing Dungeon:15 true
     0 | D:1      | 0 ||| qw: Do second Lair branch before Depths: true
     0 | D:1      | 0 ||| qw: Lair rune preference: random
     0 | D:1      | 0 ||| qw: Goals: Normal
     0 | D:1      | 0 ||| PLANNING D:1-11
    24 | D:1      | Reached skill level 3 in Dodging
    68 | D:1      | Reached XP level 2. HP: 14/14 MP: 3/3
   316 | D:1      | Found a faded altar of an unknown god.
   328 | D:1      | 328 ||| READING 2 scrolls labelled VOEHO GIUSAF.
   329 | D:1      | 329 ||| READING scroll labelled CIFICL RUAFEUS.
   330 | D:1      | 330 ||| READING scroll labelled DEAMU YMIGIGH.
   330 | D:1      | 330 ||| IDENTIFYING orange potion
   331 | D:1      | 331 ||| READING scroll labelled LAWAEL ZOTU.
   332 | D:1      | 332 ||| DROPPING scroll of butterflies.
   333 | D:1      | 333 ||| DROPPING scroll of noise.
   431 | D:2      | Reached XP level 3. HP: 18/18 MP: 4/4
   716 | D:2      | Found Haubitt's General Store.
   724 | D:2      | 724 ||| SHOPLISTING potion of cancellation (96 gold, have
                  | 61).
   724 | D:2      | 724 ||| SHOPLISTING potion of resistance (120 gold, have
                  | 61).
   724 | D:2      | 724 ||| BUYING scroll of identify (24 gold).
   724 | D:2      | Bought a scroll of identify for 24 gold pieces
   838 | D:2      | Noticed Terence
   850 | D:2      | Killed Terence
   851 | D:2      | Reached XP level 4. HP: 7/22 MP: 5/5
  1441 | D:2      | 1441 ||| UPGRADING to ring of willpower.
  1442 | D:2      | 1442 ||| READING 2 scrolls of identify.
  1442 | D:2      | 1442 ||| IDENTIFYING metallic dark potion
  1443 | D:2      | 1443 ||| READING scroll of identify.
  1443 | D:2      | 1443 ||| IDENTIFYING 2 viscous orange potions
  1444 | D:2      | 1444 ||| READING scroll labelled CAIHUK LICAMOI.
  1444 | D:2      | 1444 ||| ENCHANTING +0 shortbow.
  1445 | D:2      | 1445 ||| DRINKING 2 bubbling pink potions.
  1496 | D:2      | 1496 ||| DROPPING 2 potions of degeneration.
  1497 | D:2      | 1497 ||| DROPPING potion of lignification.
  1501 | D:3      | 1501 ||| PLANNING SEWER
  1561 | D:3      | 1561 ||| FLEEEEING.
  1577 | D:3      | Reached XP level 5. HP: 13/25 MP: 6/6
  1595 | D:3      | 1595 ||| FLEEEEING.
  1596 | D:3      | 1596 ||| FLEEEEING.
  1598 | D:3      | 1598 ||| FLEEEEING.
  1600 | D:3      | 1600 ||| FLEEEEING.
  1778 | D:3      | Found a glowing drain.
  1783 | Sewer    | Entered a sewer
  1879 | Sewer    | Reached skill level 6 in Ranged Weapons
  1925 | Sewer    | 1925 ||| READING scroll of enchant weapon.
  1925 | Sewer    | 1925 ||| ENCHANTING +1 shortbow.
  1955 | Sewer    | Reached XP level 6. HP: 30/30 MP: 7/7
  2010 | Sewer    | Reached skill level 6 in Dodging
  2176 | Sewer    | 2176 ||| READING 2 scrolls of identify.
  2176 | Sewer    | 2176 ||| IDENTIFYING glowing black potion
  2177 | Sewer    | 2177 ||| READING scroll of identify.
  2177 | Sewer    | 2177 ||| IDENTIFYING green potion
  2178 | Sewer    | 2178 ||| READING 2 scrolls labelled COODDOCS LOROS.
  2179 | Sewer    | 2179 ||| READING scroll labelled LOUFU ANUTH.
  2180 | Sewer    | 2180 ||| READING scroll labelled NUGIMNU ASTUO.
  2181 | Sewer    | 2181 ||| DROPPING scroll of blinking.
  2218 | D:3      | 2218 ||| PLANNING D:1-11
  2550 | D:3      | 2550 ||| READING scroll labelled FAREUXT YFUSHRI.
  2550 | D:3      | 2550 ||| ENCHANTING +2 shortbow.
  2583 | D:4      | 2583 ||| STAIRDANCE
  2587 | D:4      | 2587 ||| STAIRDANCE
  2767 | D:4      | Noticed Robin
  2781 | D:4      | HP: 6/30 [Robin/+0 short sword (4)]
  2782 | D:4      | 2782 ||| DRINKING 2 potions of heal wounds.
  2786 | D:4      | Killed Robin
  2941 | D:4      | Reached XP level 7. HP: 35/35 MP: 8/8
  3021 | D:4      | Found a basalt altar of Yredelemnul.
  3048 | D:4      | Found a sacrificial altar of Ru.
  3150 | D:4      | Found a white marble altar of Elyvilon.
  3584 | D:4      | 3584 ||| READING scroll labelled HOUSED WOANOWE.
  3586 | D:4      | 3586 ||| Stepping ~*~*~tactically~*~*~ (cloud).
  3690 | D:5      | Entered Level 5 of the Dungeon
  3747 | D:5      | HP: 3/35 [centaur/arrow (10)]
  3748 | D:5      | 3748 ||| DRINKING potion of heal wounds.
  3935 | D:5      | Found a runed translucent gate.
  3935 | D:5      | Found a runed translucent gate.
  3935 | D:5      | Found a runed translucent gate.
  3940 | D:5      | Noticed qw's ghost (novice DjHu)
  4000 | D:5      | Noticed Menkaure
  4001 | D:5      | 4001 ||| DRINKING potion of haste.
  4011 | D:5      | Killed Menkaure
  4397 | D:6      | Reached XP level 8. HP: 39/39 MP: 9/9
  4401 | D:6      | Found a staircase to the Ecumenical Temple.
  4402 | D:6      | 4402 ||| PLANNING TEMPLE
  4406 | Temple   | Entered the Ecumenical Temple
  4407 | Temple   | 4407 ||| PLANNING OKAWARU WORSHIP
  4414 | Temple   | Became a worshipper of Warmaster Okawaru
  4415 | Temple   | 4415 ||| PLANNING D:1-11
  4511 | D:6      | Reached skill level 3 in Fighting
  4725 | D:6      | Found a glowing golden altar of the Shining One.
  5194 | D:6      | 5194 ||| UPGRADING to +4 ring of protection.
  5195 | D:6      | 5195 ||| READING scroll of identify.
  5195 | D:6      | 5195 ||| IDENTIFYING purple potion
  5250 | D:7      | Reached * piety under Okawaru
  5257 | D:7      | 5257 ||| RETREEEEATING.
  5258 | D:7      | 5258 ||| RETREEEEATING.
  5259 | D:7      | 5259 ||| RETREEEEATING.
  5260 | D:7      | 5260 ||| RETREEEEATING.
  5261 | D:7      | 5261 ||| RETREEEEATING.
  5262 | D:7      | 5262 ||| RETREEEEATING.
  5263 | D:7      | 5263 ||| RETREEEEATING.
  5264 | D:7      | 5264 ||| RETREEEEATING.
  5273 | D:7      | 5273 ||| INVOKING Heroism.
  5279 | D:7      | Reached skill level 9 in Ranged Weapons
  5287 | D:7      | 5287 ||| INVOKING Heroism.
  5291 | D:7      | Reached skill level 1 in Invocations
  5301 | D:7      | Reached skill level 9 in Dodging
  5311 | D:7      | HP: 10/40 [water moccasin (2)]
  5313 | D:7      | HP: 3/40 [orc wizard/magic dart (7)]
  5314 | D:7      | Slain by a kobold

Levels and vault maps discovered:
D:1:      dpeg_arrival_solitude, layout_rooms,
          hellmonk_ecumenical_altar_leap_of_faith
D:2:      layout_basic, serial_shops, shop, uniq_terence
D:3:      layout_rooms, lightli_sewer_entry_pipes
D:4:      minmay_thick_lines, layout_basic, kennysheep_ying_yang,
          mainiacjoe_overflow_small_starburst, uniq_robin
D:5:      layout_cave_pools, gammafunk_ghost_split, minmay_misc_feat_chi,
          uniq_menkaure
D:6:      layout_basic, old_standard_altar, minmay_temple_entry_glassed_door,
          chequers_serial_rivers_micro_d, nicolae_zen_rock_garden
D:7:      layout_basic, vehumet_crystals
Temple:   eino_temple_lava

Skill      XL: |  1  2  3  4  5  6  7  8 |
---------------+-------------------------+-----
Dodging        | 3 4 5 6 8 9 |  9.0
Ranged Weapons | 5 6 7 8 9 |  9.3
Fighting       | 2 3 |  3.0
Invocations    | 2 |  2.7
Stealth        | |  1.5

Action                     |  1- 3 |  4- 6 |  7- 9 || total
---------------------------+-------+-------+-------++-------
   Fire: Shortbow          |    94 |   215 |   241 ||   550
 Invoke: Heroism           |       |       |     1 ||     1
    Use: Scroll            |     4 |    10 |     2 ||    16
         Potion            |       |     2 |     2 ||     4
 Armour: Robe              |    10 |    38 |    34 ||    82
  Dodge: Dodged            |    18 |   138 |   164 ||   320

Table legend:
 A = Non-vault XP
 B = Vault XP
 C = Vault XP percentage of total XP
 D = Non-vault monster count
 E = Vault monster count
 F = Vault count percentage of total count
                 A         B        C        D         E       F
            +---------+---------+-------+---------+---------+-------
      Total |    2000 |     604 |  23.2 |     120 |      42 |  25.9
            +---------+---------+-------+---------+---------+-------
        D:1 |      34 |       0 |   0.0 |      22 |       0 |   0.0
        D:2 |      83 |      36 |  30.3 |      25 |       1 |   3.8
        D:3 |     136 |      15 |   9.9 |      16 |       3 |  15.8
        D:4 |     159 |     136 |  46.1 |      15 |      18 |  54.5
        D:5 |     267 |     183 |  40.7 |      10 |       1 |   9.1
        D:6 |     575 |       0 |   0.0 |      21 |       0 |   0.0
        D:7 |     746 |       0 |   0.0 |      11 |       0 |   0.0
      Sewer |       0 |     234 | 100.0 |       0 |      19 | 100.0
            +---------+---------+-------+---------+---------+-------
